 Dungeon Crawl Stone Soup version 0.32-a0-43-g058985b245 (webtiles) character file.

Game seed: 15283240628864182287

141 Atlas the Firebug (level 5, 35/35 HPs)
             Began as a Demonspawn Fire Elementalist on Feb 5, 2024.
             Quit the game on level 3 of the Dungeon.
             The game lasted 00:03:16 (2566 turns).

Atlas the Firebug (Demonspawn Fire Elementalist)    Turns: 2566, Time: 00:03:16

Health: 35/35      AC:  3    Str:  8    XL:     5   Next: 3%
Magic:  10/10      EV: 11    Int: 18    God:
Gold:   114        SH:  0    Dex: 13    Spells: 7/10 levels left

rFire   . . .        (no weapon)
rCold   . . .        (no shield)
rNeg    . . .        k - +0 leather armour
rPois   .            (no helmet)
rElec   .            (no cloak)
rCorr   .            (no gloves)
SInv    .            (no boots)
Will    .....        (no amulet)
Stlth   ++           (no ring)
HPRegen 0.25/turn    (no ring)
MPRegen 0.12/turn

%: no passive effects
@: no status effects
A: hooves 1, demonic guardian 1, spiny 1
a: no special abilities


You were on level 3 of the Dungeon.
You visited 1 branch of the dungeon, and saw 3 of its levels.

You collected 114 gold pieces.

Inventory:

Armour
 k - a +0 leather armour (worn)
Scrolls
 f - a scroll of vulnerability {unknown}
 g - a scroll of identify {unknown}
 h - a scroll of noise {unknown}
 i - a scroll of blinking {unknown}
 j - a scroll of fear {unknown}
Potions
 b - a potion of magic
 c - a potion of heal wounds {unknown}
 d - 2 potions of attraction {unknown}
 e - a potion of degeneration {unknown}


   Skills:
 + Level 0.1 Fighting
 + Level 0.3 Armour
 + Level 2.2 Dodging
 + Level 2.3 Stealth
 + Level 3.4 Spellcasting
 + Level 1.5 Conjurations
 + Level 3.5 Fire Magic


You had 7 spell levels left.
You knew the following spells:

 Your Spells              Type           Power      Damage    Failure   Level
a - Scorch                Fire           30%        2d6       8%          2
b - Foxfire               Conj/Fire      48%        2x1d6     8%          1

Your spell library contained the following spells:

 Spells                   Type           Power      Damage    Failure   Level
 Inner Flame              Hex/Fire       9%         N/A       32%         3
 Volatile Blastmotes      Fire/Tloc      18%        2d11      32%         3
 Stone Arrow              Conj/Erth      10%        3d7       43%         3
 Flame Wave               Conj/Fire      12%        2d6       61%         4
 Animate Armour           Summ/Erth      6%         N/A       91%         4
 Lehudib's Crystal Spear  Conj/Erth      2%         10d2      100%        8


Dungeon Overview and Level Annotations

Branches:
Dungeon (3/15)

Altars:


Innate Abilities, Weirdness & Mutations

You have large cloven feet.
A weak demonic guardian rushes to your aid.
You are partially covered in sharp spines.


Message History

The gnoll misses you.
You are out of magic!
You hit the gnoll but do no damage.
The gnoll is almost dead.
The foxfire hits the gnoll.
The gnoll is almost dead.
The foxfire hits the gnoll.
You kill the gnoll!
The gnoll misses you. The gnoll hits you with a +0 spear.
Things that are here:
a +0 flail; a gnoll corpse You closely miss the gnoll.
You kick the gnoll, but do no damage.
The gnoll is heavily wounded.
The gnoll is struck by your spines. The gnoll closely misses you.
You hit the gnoll.
The gnoll is severely wounded.
The gnoll is struck by your spines. The gnoll completely misses you.
You hit the gnoll but do no damage. You kick the gnoll.
You kill the gnoll!
You have reached level 5!
Your demonic ancestry asserts itself...
You feel the presence of a demonic guardian.
Your magical contamination has completely faded away.
You open the door.
A frilled lizard comes into view.
The frilled lizard hisses angrily.
A frilled lizard is nearby!
Found a puce potion.
Found a robe.
A kobold comes into view. It is wielding a +0 whip.
Autopickup is now off.
Unknown command.
Unknown command.
Assign waypoint to what number? (0-9)
Okay, then.
Unknown command.
Are you sure you want to abandon this character and quit the game? (Confirm with "yes".)
Okay, then.
Are you sure you want to abandon this character and quit the game? (Confirm with "yes".)

#...)............#
#...<#......###+##
######...........#
#.##........#
######+##........#
.........l........
.................#
..........#.<....#
.......@.........#
....#!.###..#.#.##
... #.. ..#.#.#
#.. ..... ...
....#. .#.. ......
..#.. .[## #. #K#


You could see a kobold (asleep) and a frilled lizard.

Vanquished Creatures
  3 gnolls (D:3)
  4 adders
  A dart slug (D:1)
  2 ribbon worms (D:2)
  3 orcs (D:3)
  6 endoplasms
  5 giant cockroaches
  3 hobgoblins
  7 kobolds
  2 quokkas (D:2)
  4 ball pythons
  10 bats
  4 frilled lizards
  7 goblins
  4 rats
65 creatures vanquished.

Vanquished Creatures (others)
  188 foxfires
188 creatures vanquished.

Grand Total: 253 creatures vanquished

Notes
Turn   | Place    | Note
-------+----------+-------------------------------------------
     0 | D:1      | Atlas the Demonspawn Fire Elementalist began the quest for
                  | the Orb.
     0 | D:1      | Reached XP level 1. HP: 13/13 MP: 3/3
   399 | D:1      | Gained mutation: You have large cloven feet. [demonic
                  | ancestry]
   399 | D:1      | Reached XP level 2. HP: 19/19 MP: 1/5
   760 | D:1      | Learned a level 2 spell: Scorch
   897 | D:1      | Gained mutation: You are partially covered in sharp spines.
                  | [demonic ancestry]
   897 | D:1      | Reached XP level 3. HP: 24/24 MP: 3/6
  1534 | D:2      | Reached XP level 4. HP: 30/30 MP: 4/8
  2464 | D:3      | Gained mutation: A weak demonic guardian rushes to your
                  | aid. [demonic ancestry]
  2464 | D:3      | Reached XP level 5. HP: 25/35 MP: 1/10
  2566 | D:3      | Quit the game

Illustrated notes

Levels and vault maps discovered:
D:1:      lemuel_arrival_funnel, layout_basic
D:2:      layout_rooms
D:3:      kb_forest_paths, layout_basic, minmay_between

Skill      XL: |  1  2  3  4 |
---------------+-------------+-----
Dodging        | 2 |  2.2
Fire Magic     | 3 |  3.5
Stealth        | 2 |  2.3
Spellcasting   | 3 |  3.4
Fighting       | |  0.1
Armour         | |  0.3
Conjurations   | |  1.5

Action                     |  1- 3 |  4- 6 || total
---------------------------+-------+-------++-------
  Melee: Unarmed           |    25 |     8 ||    33
         Kick              |    15 |     2 ||    17
   Cast: Foxfire           |    73 |    34 ||   107
         Scorch            |     5 |    12 ||    17
 Armour: Robe              |    25 |     3 ||    28
         Leather armour    |       |     7 ||     7
  Dodge: Dodged            |    30 |     9 ||    39

Table legend: (Time is in decaauts)
 A = Elapsed time spent in this place.
 B = Non-inter-level travel time spent in this place.
 C = Inter-level travel time spent in this place.
 D = Time resting spent in this place.
 E = Time spent auto-exploring this place.
 F = Levels seen in this place.
 G = Mean time per level.
                   A        B        C        D        E       F      G
               +--------+--------+--------+--------+--------+-----+--------+
         Total |   2565 |   2535 |     30 |      0 |   2121 |   3 |  855.0 |
       Dungeon |   2565 |   2535 |     30 |      0 |   2121 |   3 |  855.0 |
               +--------+--------+--------+--------+--------+-----+--------+

Top non-repeatable levels by time:
     D:1: 1062 daAuts
     D:2: 981 daAuts
     D:3: 521 daAuts
